 Dungeon Crawl Stone Soup version 0.24-a0-429-g4608c8fa30 (webtiles) character file.

Game seed: 13118247412286281544

1346 theanonym the Magician (level 8, -2/46 HPs)
             Began as an Octopode Wizard on June 13, 2019.
             Was a Follower of Vehumet.
             Slain by a centaur (7 damage)
             ... on level 6 of the Dungeon.
             The game lasted 00:16:09 (9109 turns).

theanonym the Magician (Octopode Wizard)            Turns: 9109, Time: 00:16:10

Health: -2/46      AC:  1    Str:  6    XL:     8   Next: 62%
Magic:  7/16       EV: 13    Int: 23    God:    Vehumet [*.....]
Gold:   104        SH:  0    Dex: 10    Spells: 9/18 levels left

rFire    . . .     SeeInvis .   b - +6 shillelagh "Devastator" {shatter}
rCold    . . .     Gourm    +   (no shield)
rNeg     . . .     Faith    .   l - +0 hat
rPois    .         Spirit   .   o - amulet of the gourmand
rElec    .         Reflect  .   c - ring of flight
rCorr    .         Harm     .   (no ring)
MR       .....                  (no ring)
Stlth    +++.......             (no ring)
HPRegen  0.15/turn              (no ring)
MPRegen  0.15/turn              (no ring)
                                (no ring)
                                (no ring)

@: no status effects
A: almost no armour, stealthy swim, amphibious, 8 rings, constrict 8, camouflage
1, gelatinous body 1
a: Renounce Religion, Evoke Flight


Innate Abilities, Weirdness & Mutations

You cannot wear most types of armour.
You are very stealthy in the water. (Stealth+)
You are amphibious.
You can wear up to eight rings at the same time.
You can use your tentacles to constrict eight enemies at once.
Your skin changes colour to match your surroundings (Stealth+).
Your rubbery body absorbs attacks. (AC +1, EV +1)


   Skills:
 - Level 2.0 Dodging
 - Level 2.8 Stealth
 + Level 5.6 Spellcasting
 + Level 5.2 Conjurations
   Level 1.0 Summonings
 - Level 3.0 Translocations
 + Level 4.4 Fire Magic
 - Level 3.0 Air Magic
 - Level 3.0 Poison Magic


You had 9 spell levels left.
You knew the following spells:

 Your Spells              Type           Power        Failure   Level  Hunger
a - Magic Dart            Conj           ####         1%          1    None
b - Conjure Flame         Conj/Fire      ####....     3%          3    ##.....
d - Mephitic Cloud        Conj/Pois/Air  ###.....     6%          3    ##.....
l - Blink                 Tloc           N/A          3%          2    None

Your spell library contained the following spells:

 Spells                   Type           Power        Failure   Level  Hunger
 Shock                    Conj/Air       ####         1%          1    None
 Static Discharge         Conj/Air       ####....     4%          3    ##.....
 Swiftness                Chrm/Air       ##......     7%          2    None
 Call Imp                 Summ           ##......     9%          2    None
 Slow                     Hex            #.......     14%         2    None
 Airstrike                Air            ###.......   26%         4    ####...
 Lightning Bolt           Conj/Air       ####......   41%         5    #####..

Skill      XL: |  1  2  3  4  5  6  7  8 |
---------------+-------------------------+-----
Conjurations   | 2 3 4 5 |  5.2
Fire Magic     | 1 2 3 4 |  4.4
Translocations | 2 3 |  3.0
Poison Magic   | 1 2 3 |  3.0
Air Magic      | 1 2 3 |  3.0
Spellcasting   | 4 5 |  5.6
Dodging        | |  2.0
Stealth        | |  2.8
Summonings     | |  1.0

Action                   |  1- 3 |  4- 6 |  7- 9 || total
-------------------------+-------+-------+-------++-------
Melee: Unarmed           |    16 |       |       ||    16
       Constrict         |     5 |     7 |    12 ||    24
       Dagger            |     3 |    24 |    19 ||    46
       Tentacles         |     1 |     5 |     9 ||    15
       Shillelagh        |       |       |    27 ||    27
Throw: Javelin           |     2 |       |       ||     2
 Cast: Magic Dart        |    66 |   211 |   123 ||   400
       Mephitic Cloud    |       |    10 |    11 ||    21
Evoke: Wand              |       |     1 |       ||     1
  Use: Scroll            |       |    11 |     3 ||    14
       Potion            |       |       |     1 ||     1
 Stab: Confused          |       |       |     1 ||     1
       Sleeping          |       |       |     2 ||     2
  Eat: Chunk             |     1 |    10 |    14 ||    25
       Ration            |     1 |       |     1 ||     2
Armor: Skin              |     4 |     1 |     2 ||     7
Dodge: Dodged            |    19 |    20 |    37 ||    76

Inventory:

Hand Weapons
 a - a +2 dagger of venom
 b - the +6 shillelagh "Devastator" (weapon) {shatter}
Missiles
 j - 8 boomerangs
 q - 2 silver javelins (quivered)
Armour
 l - a +0 hat (worn)
Magical Staves
 s - an uncursed staff of wizardry
Jewellery
 c - a ring of flight (left tentacle)
 o - an amulet of the gourmand (around mantle)
Wands
 g - a wand of iceblast (4)
Scrolls
 n - 3 scrolls of remove curse
 r - 2 scrolls of identify
 t - 7 scrolls of teleportation
 x - a scroll of amnesia
 y - a scroll of summoning {unknown}
 z - a scroll of fear
 B - 2 scrolls of blinking
Potions
 d - a potion of flight {unknown}
 f - a potion of lignification {unknown}
 h - a potion of degeneration {unknown}
 i - 3 potions of mutation
 k - 2 potions of heal wounds
 m - 2 potions of invisibility
 p - 2 potions of agility
 u - a potion of magic {unknown}
 v - a potion of cancellation {unknown}
 w - a potion of curing
 A - a potion of might {unknown}
Comestibles
 e - 7 rations


You were on level 6 of the Dungeon.
You worshipped Vehumet.
Vehumet was aware of your devotion.
You were not hungry.

You visited 2 branches of the dungeon, and saw 7 of its levels.

You collected 325 gold pieces.
You spent 221 gold pieces at shops.

Dungeon Overview and Level Annotations

Branches:
Dungeon (6/15)             Temple (1/1) D:4

Altars:
Ashenzari
Cheibriados
Dithmenos
Elyvilon
Fedhas
Gozag
Hepliaklqana
Kikubaaqudgha
Makhleb
Nemelex Xobeh
Okawaru
Qazlal
Ru
Sif Muna
Trog
Uskayaw
Vehumet
Wu Jian
Yredelemnul
Zin

Shops:
D:5 !

Annotations:
D:4 2 runed translucent doors, tsouns's ghost, weakling FeCj

....###.##.###.....##
.⌠..##..##.##.......##
_...#...##.#....(....###
.⌠.........'.........'.
...##...####.........#
######..## #.......#
.........# #.....#
.######).# #)..# .# #.>#
##@## <# ####..# #c# .#
#.....# #Z# )#
#.###.#######.##
<###.###)#.......g##..
.......).#.###.........
####.#####.###.........
#...........#.##.....
#######.#####.# #...#


You could see a centaur, a gnoll and a bullfrog zombie.

Notes
Turn   | Place    | Note
-------+----------+-------------------------------------------
     0 | D:1      | theanonym the Octopode Wizard began the quest for the Orb.
     0 | D:1      | Reached XP level 1. HP: 11/11 MP: 4/4
    26 | D:1      | HP: 4/11 [jackal (2)]
   410 | D:1      | Reached XP level 2. HP: 17/17 MP: 0/6
   720 | D:1      | Learned a level 2 spell: Blink
  1021 | D:1      | Reached XP level 3. HP: 21/21 MP: 3/7
  1088 | D:1      | Learned a level 3 spell: Conjure Flame
  1434 | D:1      | Reached skill level 2 in Conjurations
  1670 | D:2      | HP: 9/21 [something (4)]
  1897 | D:2      | Reached XP level 4. HP: 27/27 MP: 5/9
  1902 | D:2      | Learned a level 3 spell: Mephitic Cloud
  1932 | D:2      | Reached skill level 1 in Fire Magic
  2171 | D:2      | Reached XP level 5. HP: 31/31 MP: 4/10
  2243 | D:2      | Reached skill level 2 in Translocations
  2697 | D:2      | Reached skill level 1 in Poison Magic
  2701 | D:2      | Found a snail-covered altar of Cheibriados.
  2701 | D:2      | Found a bloodstained altar of Trog.
  2706 | D:2      | Found a deep blue altar of Sif Muna.
  3516 | D:3      | HP: 15/31 [bullfrog skeleton (7)]
  3518 | D:3      | Reached skill level 1 in Air Magic
  3906 | D:3      | Noticed Jessica
  3911 | D:3      | Killed Jessica
  3911 | D:3      | Reached XP level 6. HP: 36/36 MP: 5/11
  4225 | D:3      | Reached skill level 4 in Spellcasting
  4461 | D:3      | Reached skill level 2 in Fire Magic
  4461 | D:3      | Reached skill level 2 in Poison Magic
  4660 | D:4      | Found a staircase to the Ecumenical Temple.
  4669 | Temple   | Entered the Ecumenical Temple
  4676 | Temple   | Became a worshipper of Vehumet
  4927 | D:4      | Reached skill level 3 in Conjurations
  5041 | D:4      | Found a runed translucent door.
  5041 | D:4      | Noticed tsouns's ghost (weakling FeCj)
  5240 | D:4      | HP: 17/36 [orc/+0 hand axe (6)]
  5458 | D:4      | HP: 15/36 [worker ant (5)]
  5463 | D:4      | HP: 11/36 [poisoned by a worker ant]
  5469 | D:4      | HP: 8/36 [poisoned by a worker ant]
  5475 | D:4      | HP: 5/36 [poisoned by a worker ant]
  5483 | D:4      | HP: 4/36 [poisoned by a worker ant]
  5491 | D:4      | HP: 3/36 [poisoned by a worker ant]
  5791 | D:4      | Reached skill level 2 in Air Magic
  5791 | D:4      | Reached XP level 7. HP: 41/41 MP: 5/13
  5824 | D:4      | Reached skill level 3 in Translocations
  5958 | D:4      | Reached skill level 3 in Poison Magic
  6095 | D:4      | Reached * piety under Vehumet
  6095 | D:4      | Offered knowledge of Shock by Vehumet.
  6125 | D:4      | Found the +6 shillelagh "Devastator" {shatter}
  6196 | D:4      | Found a runed translucent door.
  6371 | D:4      | Reached skill level 3 in Fire Magic
  6548 | D:4      | Found a hazy altar of Hepliaklqana.
  6668 | D:5      | Entered Level 5 of the Dungeon
  7032 | D:5      | Found Duyvacze's Distillery.
  7043 | D:5      | Bought a potion of invisibility for 104 gold pieces
  7043 | D:5      | Bought a potion of heal wounds for 65 gold pieces
  7043 | D:5      | Bought a potion of agility for 52 gold pieces
  7381 | D:5      | Reached skill level 4 in Conjurations
  7381 | D:5      | Reached skill level 3 in Air Magic
  7610 | D:5      | Reached XP level 8. HP: 46/46 MP: 2/15
  8260 | D:6      | Reached skill level 5 in Spellcasting
  8441 | D:6      | Reached skill level 4 in Fire Magic
  8564 | D:6      | Found a sparkling altar of Nemelex Xobeh.
  8602 | D:6      | Reached skill level 5 in Conjurations
  8606 | D:6      | HP: 21/46 [gnoll/+0 spear (8)]
  8606 | D:6      | HP: 8/46 [gnoll/+4 spear of venom (13)]
  8612 | D:6      | HP: 5/46 [poisoned by a gnoll]
  8617 | D:6      | HP: 4/46 [poisoned by a gnoll]
  9104 | D:6      | HP: 21/46 [centaur/arrow (10)]
  9108 | D:6      | HP: 9/46 [centaur (8)]
  9109 | D:6      | Slain by a centaur

Vanquished Creatures
  An orc warrior (D:6)
  2 ogres
  A centaur (D:6)
  A bullfrog (D:6)
  A scorpion (D:4)
  A howler monkey (D:5)
  A bullfrog zombie (D:6)
  4 hounds
  A bullfrog skeleton (D:3)
  A centaur skeleton (D:6)
  An orc priest (D:2)
  Jessica (D:3)
  7 orc wizards
  5 worker ants
  A hound skeleton (D:5)
  9 gnolls
  4 adders (D:2)
  A shadow imp (D:5)
  An adder zombie (D:6)
  An adder skeleton (D:4)
  5 worms
  6 leopard geckos
  21 orcs
  4 ball pythons
  7 giant cockroaches
  7 hobgoblins
  4 jackals (D:1)
  4 kobolds
  A ball python zombie (D:5)
  7 bats
  11 frilled lizards
  8 goblins
  A jackal skeleton (D:5)
  A quokka zombie (D:5)
  4 rats (D:2)
136 creatures vanquished.

Vanquished Creatures (others)
  2 plants (D:1)
  4 toadstools (D:1)
6 creatures vanquished.

Grand Total: 142 creatures vanquished

Table legend:
 A = Turns spent in this place as a percentage of turns spent in the entire game.
 B = Non-inter-level travel turns spent in this place as a percentage of non-inter-level travel turns spent in the entire game.
 C = Inter-level travel turns spent in this place as a percentage of turns spent in this place.
 D = Turns resting spent in this place as a percentage of non-inter-level travel turns spent in this place.
 E = Turns spent auto-exploring this place as a percentage of non-inter-level travel turns spent in this place.
 F = Non-inter-level travel turns spent in this place divided by the number of levels of this place that you've seen.
                   A       B       C       D       E      F
               +-------+-------+-------+-------+-------+----------------------
         Total | 100.0 | 100.0 |   2.9 |  41.1 |  46.5 | 1264.0
       Dungeon |  99.8 |  99.9 |   2.8 |  41.1 |  46.5 | 1473.2
        Temple |   0.2 |   0.1 |  40.0 |   0.0 |   0.0 |   9.0
               +-------+-------+-------+-------+-------+----------------------
